 Dungeon Crawl Stone Soup version 0.23.2-40-g277498a001 (webtiles) character file.

Game seed: 14462805076240272327

667 Exodus22XD the Slasher (level 7, -7/52 HPs)
             Began as a Demonspawn Gladiator on Sept 6, 2019.
             Was an Initiate of Makhleb.
             Mangled by Pikel
             ... wielding a +1 whip of electrocution
              (11 damage)
             ... on level 5 of the Dungeon.
             The game lasted 00:10:29 (3892 turns).

Exodus22XD the Slasher (Demonspawn Gladiator)       Turns: 3892, Time: 00:10:29

Health: -7/52      AC:  8    Str: 17    XL:     7   Next: 31%
Magic:  0/7        EV: 13    Int:  9    God:    Makhleb [......]
Gold:   153        SH:  4    Dex: 14    Spells: 6/6 levels left

rFire    + . .     SeeInvis .   F - +2 falchion (pain)
rCold    x . .     Gourm    .   (no shield)
rNeg     . . .     Faith    .   b - +0 leather armour
rPois    .         Spirit   +   c - +0 helmet
rElec    .         Reflect  .   z - +0 cloak
rCorr    .         Harm     .   t - +0 pair of gloves
MR       .....     Rnd*Tele +   C - +0 pair of boots
Stlth    +.........             (no amulet)
HPRegen  0.17/turn              e - ring of fire
MPRegen  0.10/turn              D - ring of teleportation (curse)

@: no status effects
A: large bone plates 1, magic shield
a: Renounce Religion


You were on level 5 of the Dungeon.
You worshipped Makhleb.
Makhleb was noncommittal.
You were very hungry.

You visited 1 branch of the dungeon, and saw 5 of its levels.

You collected 153 gold pieces.

Inventory:

Hand Weapons
 a - a +0 long sword
 F - a +2 falchion of pain (weapon)
Missiles
 d - 3 throwing nets (quivered)
Armour
 b - a +0 leather armour (worn)
 c - a +0 helmet (worn)
 t - a +0 pair of gloves (worn)
 z - a +0 cloak (worn)
 C - a +0 pair of boots (worn)
Jewellery
 e - a ring of fire (left hand)
 D - a cursed ring of teleportation (right hand)
Wands
 A - a wand of polymorph (5)
 B - a wand of flame (3)
Scrolls
 h - 3 scrolls of blinking {unknown}
 j - 2 scrolls of immolation {unknown}
 l - 3 scrolls of teleportation {unknown}
 o - a scroll of noise {unknown}
 q - a scroll of enchant armour {unknown}
 x - 2 scrolls of amnesia {unknown}
 y - 3 scrolls of remove curse {unknown}
Potions
 g - a potion of magic
 i - 2 potions of curing {unknown}
 k - a potion of degeneration {unknown}
 m - a potion of agility {unknown}
 n - 2 potions of might {unknown}
 p - a potion of lignification {unknown}
 r - a potion of haste
 s - a potion of flight {unknown}
 u - a potion of brilliance {unknown}
 v - a potion of mutation {unknown}
 w - 2 potions of heal wounds {unknown}
Comestibles
 f - 8 rations


   Skills:
 + Level 3.4 Fighting
 + Level 5.6 Long Blades
 + Level 1.7 Throwing
 * Level 3.4 Armour
 + Level 3.7 Dodging
 * Level 1.0 Invocations


You had 6 spell levels left.
You didn't know any spells.
Your spell library was empty.

Dungeon Overview and Level Annotations

Branches:
Dungeon (5/15)
 Temple: D:4-7

Altars:
Gozag
Makhleb
Sif Muna
Trog
Uskayaw
Yredelemnul
Zin

Shops:
D:4 *

Annotations:
D:5 1 transporter, Meegle's ghost, novice DENe; Pikel


Innate Abilities, Weirdness & Mutations

You are partially covered in large bone plates. (SH +4)
When hurt, damage is shared between your health and your magic reserves.


Message History

Pikel is heavily wounded.
Pikel hits you with a +1 whip of electrocution.
You barely miss Pikel.
Pikel is heavily wounded.
Pikel hits you with a +1 whip of electrocution.
You are electrocuted!!
* * * LOW HITPOINT WARNING * * *
You hit Pikel but do no damage.
Pikel is heavily wounded.
Pikel says, "Wow, you'd add a bit of variety to my gang!"
You block Pikel's attack.
You hit Pikel.
Pikel is heavily wounded.
Pikel hits you with a +1 whip of electrocution.
* * * LOW HITPOINT WARNING * * *
It was a potion of magic.
Magic courses through your body.
Pikel hits you with a +1 whip of electrocution.
* * * LOW HITPOINT WARNING * * *
You are electrocuted!
You die...

###############
#.............#
#.###########.#
#@# #.#
####K#####
##.####
#..ppp...#
#......
#...p....#
#...##.
#........#
#...##.
#........#
#...##. ....
...##.####..
#...... #...#.
.... ... ...
....... .....
..... ...
...........


You could see Pikel and 4 slaves.

Vanquished Creatures
  Grinder (D:4)
  A scorpion (D:5)
  A hound (D:4)
  A bullfrog skeleton (D:4)
  An orc wizard (D:4)
  Crazy Yiuf (D:4)
  Natasha (thrice) (D:4)
  2 worker ants (D:3)
  Robin (D:4)
  6 adders
  2 oozes (D:2)
  2 worms
  3 leopard geckos
  7 orcs
  11 bats
  5 giant cockroaches
  6 hobgoblins
  6 kobolds
  2 quokkas
  3 ball pythons
  3 frilled lizards
  12 goblins
  10 rats
90 creatures vanquished.

Notes
Turn   | Place    | Note
-------+----------+-------------------------------------------
     0 | D:1      | Exodus22XD the Demonspawn Gladiator began the quest for the
                  | Orb.
     0 | D:1      | Reached XP level 1. HP: 16/16 MP: 1/1
   122 | D:1      | Gained mutation: When hurt, damage is shared between your
                  | health and your magic reserves. [demonic ancestry]
   122 | D:1      | Reached XP level 2. HP: 18/22 MP: 2/2
   200 | D:1      | Reached skill level 1 in Armour
   552 | D:2      | Reached skill level 3 in Long Blades
   595 | D:2      | Reached XP level 3. HP: 22/27 MP: 3/3
  1093 | D:2      | Reached XP level 4. HP: 30/33 MP: 4/4
  1476 | D:3      | Found a deep blue altar of Sif Muna.
  1654 | D:3      | Reached XP level 5. HP: 39/39 MP: 3/5
  1776 | D:3      | Reached skill level 4 in Long Blades
  2545 | D:4      | Found a runed translucent door.
  2546 | D:4      | Noticed Crazy Yiuf
  2579 | D:4      | Killed Crazy Yiuf
  2757 | D:4      | Found Galegaor's Assorted Antiques.
  2759 | D:4      | Noticed Grinder
  2777 | D:4      | Killed Grinder
  2777 | D:4      | Reached skill level 5 in Long Blades
  2777 | D:4      | Gained mutation: You are partially covered in large bone
                  | plates. (SH +4) [demonic ancestry]
  2777 | D:4      | Reached XP level 6. HP: 37/47 MP: 6/6
  2823 | D:4      | Noticed Natasha
  2832 | D:4      | Killed Natasha
  2885 | D:4      | Found a burning altar of Makhleb.
  2942 | D:4      | Became a worshipper of Makhleb the Destroyer
  2959 | D:4      | Noticed Robin
  2974 | D:4      | Killed Robin
  3438 | D:4      | Found a basalt altar of Yredelemnul.
  3440 | D:4      | Found a bloodstained altar of Trog.
  3479 | D:4      | Reached XP level 7. HP: 44/52 MP: 5/7
  3511 | D:4      | Noticed Natasha
  3520 | D:4      | Killed Natasha
  3569 | D:4      | Noticed Natasha
  3578 | D:4      | Killed Natasha
  3596 | D:5      | Entered Level 5 of the Dungeon
  3657 | D:4      | Found a glowing silver altar of Zin.
  3657 | D:4      | Found a hide-covered altar of Uskayaw.
  3659 | D:4      | Found an opulent altar of Gozag.
  3707 | D:5      | Found a transporter.
  3707 | D:5      | Noticed Meegle's ghost (novice DENe)
  3742 | D:5      | Reached skill level 1 in Invocations
  3870 | D:5      | Noticed Pikel
  3892 | D:5      | Mangled by Pikel

Skill      XL: |  1  2  3  4  5  6  7 |
---------------+----------------------+-----
Armour         | 1 2 3 |  3.4
Long Blades    | 3 5 |  5.6
Dodging        | 3 |  3.7
Fighting       | 3 |  3.4
Invocations    | 1 |  1.0
Throwing       | |  1.7

Action                   |  1- 3 |  4- 6 |  7- 9 || total
-------------------------+-------+-------+-------++-------
Melee: Long sword        |    91 |   170 |       ||   261
       Unarmed           |       |     5 |       ||     5
       Falchion          |       |    19 |    35 ||    54
  Use: Potion            |       |       |     1 ||     1
 Stab: Sleeping          |     1 |       |       ||     1
       Confused          |       |     2 |       ||     2
  Eat: Chunk             |     1 |     7 |     1 ||     9
Armor: Leather armour    |    28 |    58 |    10 ||    96
Dodge: Dodged            |    67 |   140 |    21 ||   228
Block: Other             |       |    23 |     6 ||    29
       Rpst.: Long sword |    21 |    43 |       ||    64
       Falchion          |       |     3 |     7 ||    10
